 Dungeon Crawl Stone Soup version 0.23.2-1-ga50397a6bc (webtiles) character file.

Game seed: 6269269015486066700

352 Mrkan the Cudgeler (level 6, 0/40 HPs)
             Began as a Gargoyle Fighter on May 14, 2019.
             Slain by an ogre
             ... wielding a +0 giant club
              (21 damage)
             ... on level 4 of the Dungeon.
             The game lasted 00:05:38 (2326 turns).

Mrkan the Cudgeler (Gargoyle Fighter)               Turns: 2326, Time: 00:05:38

Health: 0/40       AC: 12    Str: 19    XL:     6   Next: 62%
Magic:  6/6        EV:  7    Int: 11    God:
Gold:   73         SH:  9    Dex:  9    Spells: 5/5 levels left

rFire    . . .     SeeInvis .   a - +0 flail
rCold    + . .     Gourm    .   c - +0 shield
rNeg     + . .     Faith    .   b - +0 scale mail
rPois    ∞         Spirit   .   (no helmet)
rElec    +         Reflect  .   (no cloak)
rCorr    .         Harm     .   (no gloves)
MR       .....                  r - +0 pair of boots
Stlth    ..........             (no amulet)
HPRegen  0.13/turn              l - ring of protection from cold
MPRegen  0.10/turn              (no ring)

@: no status effects
A: negative energy resistance 1, electricity resistance, unbreathing,
petrification resistance, rot immunity, AC +4
a: no special abilities


You were on level 4 of the Dungeon.
You were hungry.

You visited 1 branch of the dungeon, and saw 4 of its levels.

You collected 73 gold pieces.

Inventory:

Hand Weapons
 a - a +0 flail (weapon)
Armour
 b - a +0 scale mail (worn)
 c - a +0 shield (worn)
 r - a +0 pair of boots (worn)
Jewellery
 l - a ring of protection from cold (left hand)
Wands
 k - a wand of iceblast (9)
Scrolls
 e - a scroll of blinking
 i - a scroll of amnesia
Potions
 d - a potion of might
 g - a potion of degeneration {unknown}
 j - a potion of haste {unknown}
 m - a potion of brilliance {unknown}
 p - a potion of heal wounds {unknown}
Comestibles
 f - 5 rations


   Skills:
 + Level 4.8 Fighting
 * Level 5.0 Maces & Flails
 + Level 4.8 Armour
 - Level 3.2 Shields


You had 5 spell levels left.
You didn't know any spells.
Your spell library was empty.

Dungeon Overview and Level Annotations

Branches:
Dungeon (4/15)
 Temple: D:4-7

Altars:
Fedhas
Gozag
Hepliaklqana
Kikubaaqudgha

Shops:
D:3 *


Innate Abilities, Weirdness & Mutations

You are resistant to torment.
Your stone body is resilient. (AC +4)
You are immune to poison.
You resist negative energy. (rN+)
You are resistant to electric shocks. (rElec)
You can survive without breathing.
You are immune to petrification.
You are immune to rotting.


Message History

You closely miss the hound. You block the hound's attack.
The hound bites you but does no damage.
You hit the hound.
The hound is moderately wounded.
The hound bites you but does no damage. The hound bites you.
You sock the hound!
The hound is almost dead.
The hound closely misses you. The ogre hits you with a +0 giant club!
The hound completely misses you.
You completely miss the hound.
The hound is almost dead.
You are feeling hungry.
The hound bites you but does no damage. You block the ogre's attack.
You block the hound's attack.
You hit the hound.
You kill the hound!
Your Maces & Flails skill increases to level 5!
The ogre hits you with a +0 giant club!!
Ouch! That really hurt!
You die...

#..!...##..... ..#
..# #...#..§§.....
##..##.#
#.##..§§.....
......# #....<§#
#....####....###
#.....#......§.# .
####.......#§§§##
..#.......O#######
.........w.@.#
.......†.##..#
.............#
.......##....>#
....... ......#
..............#
......#..#.....#
......#.##......
..##.. .....#


You could see an ogre and a worm.

Vanquished Creatures
  2 howler monkeys (D:4)
  A hound (D:4)
  7 gnolls (D:2)
  9 adders
  2 oozes
  4 worms
  4 leopard geckos
  2 orcs
  6 giant cockroaches
  8 goblins
  7 hobgoblins
  A quokka (D:3)
  A ball python (D:2)
  9 bats
  6 frilled lizards
  8 kobolds
  6 rats
83 creatures vanquished.

Notes
Turn   | Place    | Note
-------+----------+-------------------------------------------
     0 | D:1      | Mrkan the Gargoyle Fighter began the quest for the Orb.
     0 | D:1      | Reached XP level 1. HP: 14/14 MP: 1/1
   175 | D:1      | Reached XP level 2. HP: 14/19 MP: 2/2
   426 | D:1      | Reached XP level 3. HP: 23/23 MP: 3/3
   835 | D:2      | Reached skill level 3 in Maces & Flails
   860 | D:2      | Found an ancient bone altar of Kikubaaqudgha.
   930 | D:2      | Reached XP level 4. HP: 26/29 MP: 4/4
  1179 | D:2      | Reached XP level 5. HP: 28/33 MP: 5/5
  1230 | D:2      | Reached skill level 4 in Maces & Flails
  1310 | D:2      | Found a hazy altar of Hepliaklqana.
  1472 | D:2      | Found a blossoming altar of Fedhas.
  1759 | D:3      | Found Gozag's Platinum Reserve.
  1779 | D:3      | Found an opulent altar of Gozag.
  1876 | D:3      | Reached XP level 6. HP: 38/39 MP: 6/6
  2326 | D:4      | Reached skill level 5 in Maces & Flails
  2326 | D:4      | Slain by an ogre

Skill      XL: |  1  2  3  4  5  6 |
---------------+-------------------+-----
Maces & Flails | 3 4 5 |  5.0
Fighting       | 4 |  4.8
Armour         | 4 |  4.8
Shields        | |  3.2

Action                   |  1- 3 |  4- 6 || total
-------------------------+-------+-------++-------
Melee: Flail             |   121 |   244 ||   365
  Use: Scroll            |       |     5 ||     5
  Eat: Chunk             |       |     5 ||     5
Armor: Scale mail        |    78 |   135 ||   213
Dodge: Dodged            |    43 |    84 ||   127
Block: Shield            |    86 |   125 ||   211
